 Dungeon Crawl Stone Soup version 0.25-a0-875-geaba134f46 (webtiles) character file.

Game seed: 17938534194402614786, levelgen mode: deterministic

874 Flugkiller the Ruffian (level 7, -7/54 HPs)
             Began as a Demonspawn Warper on May 1, 2020.
             Was a Follower of Uskayaw.
             Mangled by a gnoll sergeant
             ... wielding the +8 spear of the Postmodern Songs {venom, *Drain Int+3 Dex+3}
              (12 damage)
             ... on level 5 of the Dungeon.
             The game lasted 00:09:05 (7482 turns).

Flugkiller the Ruffian (Demonspawn Warper)          Turns: 7482, Time: 00:09:06

Health: -7/54      AC: 17    Str: 13    XL:     7   Next: 74%
Magic:  10/10      EV:  6    Int: 15    God:    Uskayaw [*.....]
Gold:   220        SH:  0    Dex: 16    Spells: 10/10 levels left

rFire    . . .     SeeInvis .     - Unarmed
rCold    . . .     Gourm    .   (no shield)
rNeg     . . .     Faith    +   w - +0 chain mail
rPois    .         Spirit   .   (no helmet)
rElec    .         Reflect  .   (no cloak)
rCorr    .         Harm     .   (no gloves)
MR       .....                  b - +2 pair of boots
Stlth    ..........             e - amulet of faith
HPRegen  0.18/turn              o - +4 ring of dexterity
MPRegen  0.12/turn              (no ring)

@: lethally poisoned (-7 -> -17), about to teleport, sanguine armour, very
slightly contaminated, studying Ice Magic, invisible
A: powered by pain 2, sanguine armour 1
a: Stomp, Renounce Religion


You were on level 5 of the Dungeon.
You worshipped Uskayaw.
Uskayaw was noncommittal.
You were not hungry.

You visited 2 branches of the dungeon, and saw 6 of its levels.

You collected 220 gold pieces.

Inventory:

Hand Weapons
 a - a +5 shortbow
   (You took it off a centaur on level 5 of the Dungeon)
Missiles
 d - 5 boomerangs of dispersal (quivered)
 k - 31 arrows
 q - 6 javelins
Armour
 b - a +2 pair of boots (worn)
   (You found it on level 1 of the Dungeon)
 g - a cursed -2 pair of boots
   (You found it on level 5 of the Dungeon)
 j - a +0 leather armour
 m - a +0 buckler
   (You found it on level 2 of the Dungeon)
 w - a +0 chain mail (worn)
   (You found it on level 4 of the Dungeon)
Jewellery
 e - an amulet of faith (around neck)
   (You found it on level 5 of the Dungeon)
 o - a +4 ring of dexterity (left hand)
   (You found it on level 2 of the Dungeon)
 A - a +3 ring of intelligence
   (You found it on level 5 of the Dungeon)
Wands
 r - a wand of disintegration (5)
   (You found it on level 3 of the Dungeon)
Scrolls
 c - a scroll of blinking
 h - 2 scrolls of enchant armour
 l - a scroll of fog {unknown}
 p - a scroll of identify
Potions
 i - a potion of might
 n - 3 potions of flight
 v - a potion of mutation
 x - a potion of lignification
Books
 s - a manual of Ice Magic
   (You found it on level 5 of the Dungeon)
Comestibles
 f - 7 rations
 t - a chunk of flesh


   Skills:
 - Level 4.0 Fighting
 - Level 0.8 Throwing
 - Level 0.8 Armour
 - Level 1.7 Dodging
 + Level 7.3 Unarmed Combat
 - Level 2.0 Spellcasting
   Level 2.6 Translocations
 - Level 2.0 Evocations


You had 10 spell levels left.
You didn't know any spells.
Your spell library contained the following spells:

 Spells                   Type           Power        Failure   Level  Hunger
 Blink                    Tloc           N/A          98%         2    ###....
 Shroud of Golubria       Chrm/Tloc      #.....       100%        2    ###....
 Confusing Touch          Hex            #.......     100%        3    ###....
 Gell's Gravitas          Tloc           #.........   100%        3    ###....
 Lesser Beckoning         Tloc           #.........   100%        3    ###....
 Teleport Other           Tloc           #.......     100%        3    ###....
 Passage of Golubria      Tloc           N/A          100%        4    #####..
 Petrify                  Tmut/Erth      #.......     100%        4    #####..
 Metabolic Englaciation   Hex/Ice        #.........   100%        5    ######.
 Yara's Violent Unravell  Hex/Tmut       #.........   100%        5    ######.


Dungeon Overview and Level Annotations

Branches:
Dungeon (5/15)             Temple (1/1) D:5

Altars:
Ashenzari
Cheibriados
Fedhas
Gozag
Hepliaklqana
Kikubaaqudgha
Makhleb
Nemelex Xobeh
Okawaru
Ru
Sif Muna
Trog
Uskayaw
Vehumet
Wu Jian
Xom
Yredelemnul
Zin
The Shining One

Annotations:
D:2 Sigmund
D:4 exclusion: door
D:5 1 transporter, EnegeticOcto's ghost, novice OpFi


Innate Abilities, Weirdness & Mutations

You sometimes gain power by taking damage.
When seriously injured, your bleeding wounds create armour. (AC +6)


Message History

Press: ? - help, Dir - move target cursor, p - gnoll sergeant
As you read the scroll of blinking, it crumbles to dust.
You feel sick.
Unknown command.
Unknown command.
The gnoll completely misses something.
The gnoll sergeant hits something with the +8 spear of the Postmodern Songs {venom, *Drain Int+3 Dex+3}!
You feel sick.
You feel sick.
You feel sick.
The gnoll sergeant hits the plant with a +3 spear of venom.
The plant is destroyed!
You can no longer pass through a line of other dancers.
You feel sick.
Unknown command.
You feel sick.
Unknown command.
The gnoll sergeant hits you but does no damage.
You are more poisoned.
You feel sick.
Unknown command.
Okay, then.
Unknown command.
Evoke which item? (* to show all) (? for menu, Esc to quit)
Okay, then.
Unknown command.
You feel sick.
EnegeticOcto's ghost holds its blade at the ready.
You feel sick.
You feel sick.
There is an open translucent door here.
You feel sick.
You feel sick.
You see here a pair of embroidered boots.
g - a pair of embroidered boots You hit the gnoll sergeant but do no damage.
The gnoll sergeant is lightly wounded.
The gnoll sergeant barely misses you.
You feel sick.
EnegeticOcto's ghost holds its blade at the ready.
You see here a manual of Ice Magic.
s - a manual of Ice Magic The gnoll sergeant hits you but does no damage.
Unknown command.
As you read the scroll of teleportation, it crumbles to dust.
You feel strangely unstable. The gnoll sergeant barely misses you.
The gnoll sergeant hits you but does no damage.
You are lethally poisoned!
The gnoll sergeant hits you with the +8 spear of the Postmodern Songs {venom, *Drain Int+3 Dex+3}!
You die...

.≈≈≈≈≈≈≈≈≈≈≈...≈≈≈≈≈≈≈≈≈≈≈.......
.≈≈≈≈≈≈≈≈≈≈≈...≈≈≈≈≈≈≈≈≈≈≈.######
.≈≈#####...........#####≈≈.......
.≈≈#...#.###.©.###.#...#≈≈..#####
.≈≈#...###©#####.###...#≈≈).#
.≈≈###...............###≈≈..#
.≈≈.8#.######(######.#8.≈≈.##
.≈≈.##.#P⌠P#..8#g..#.##.≈≈.#
÷≈≈.#..'g..)g©⌠#@gggg.#.≈≈.#
.≈≈.##.#P⌠.#..8#g..#g##.≈≈.#
.≈≈.8#.######'######.#8.≈≈.#
.≈≈###.......g...Wg..###≈≈.#
.≈≈#...###.#####.###...#≈≈.#
.≈≈#...#.###.©.###.#...#≈≈.#
.≈≈#####...........#####≈≈.#
.≈≈≈≈≈≈≈≈≈≈≈≈≈≈≈≈≈≈≈≈≈≈≈≈≈.#
.≈≈≈≈≈≈≈≈≈≈≈≈≈≈≈≈≈≈≈≈≈≈≈≈≈.#


You could see 3 gnoll sergeants, a gnoll shaman, EnegeticOcto's ghost and 4
gnolls.

Vanquished Creatures
  A phantom (D:4)
  A necrophage (D:5)
  2 centaurs
  A quasit (D:4)
  A hound (D:5)
  2 orc priests
  An orc wizard (D:5)
  A centaur skeleton (D:4)
  An iguana (D:4)
  Jessica (D:3)
  A worker ant (D:4)
  A howler monkey zombie (D:5)
  9 gnolls
  9 adders
  A shadow imp (D:5)
  An adder skeleton (D:4)
  A worm (D:5)
  2 dart slugs
  2 leopard geckos (D:5)
  13 orcs
  2 ball pythons
  11 bats
  6 giant cockroaches
  9 goblins
  2 hobgoblins (D:1)
  8 jackals
  5 kobolds
  3 frilled lizards
  A leopard gecko skeleton (D:5)
  A leopard gecko zombie (D:5)
  7 rats
107 creatures vanquished.

Vanquished Creatures (others)
  3 plants (D:5)
3 creatures vanquished.

Grand Total: 110 creatures vanquished

Notes
Turn   | Place    | Note
-------+----------+-------------------------------------------
     0 | D:1      | Flugkiller the Demonspawn Warper began the quest for the
                  | Orb.
     0 | D:1      | Reached XP level 1. HP: 16/16 MP: 3/3
   114 | D:1      | Reached skill level 2 in Unarmed Combat
   324 | D:1      | Gained mutation: You sometimes gain a little power by
                  | taking damage. [demonic ancestry]
   324 | D:1      | Reached XP level 2. HP: 12/22 MP: 5/5
  1089 | D:1      | Reached skill level 3 in Unarmed Combat
  1329 | D:2      | Reached XP level 3. HP: 22/27 MP: 6/6
  1510 | D:2      | Found a shattered altar of Ashenzari.
  1791 | D:2      | Found a faded altar of an unknown god.
  1813 | D:2      | Noticed Sigmund
  1974 | D:2      | Found a blossoming altar of Fedhas.
  2532 | D:3      | Noticed Jessica
  2532 | D:3      | You fall into a shaft and drop 1 floor!
  2911 | D:4      | Reached skill level 4 in Unarmed Combat
  2911 | D:4      | Gained mutation: When seriously injured, your bleeding
                  | wounds create armour. (AC +6) [demonic ancestry]
  2911 | D:4      | Reached XP level 4. HP: 20/33 MP: 7/7
  3590 | D:4      | Found an ornate altar of the Wu Jian Council.
  3591 | D:4      | Found a glowing silver altar of Zin.
  3675 | D:4      | Found a radiant altar of Vehumet.
  3709 | D:4      | Gained mutation: You sometimes gain power by taking damage.
                  | [demonic ancestry]
  3709 | D:4      | Reached XP level 5. HP: 26/38 MP: 8/8
  3719 | D:4      | Reached skill level 5 in Unarmed Combat
  4046 | D:4      | Noticed a phantom
  4080 | D:4      | Killed a phantom
  4190 | D:4      | Found a shimmering blue altar of Sif Muna.
  4207 | D:4      | Reached XP level 6. HP: 48/48 MP: 9/9
  4244 | D:4      | Found a hazy altar of Hepliaklqana.
  4559 | D:4      | Reached skill level 1 in Evocations
  5498 | D:3      | Found a snail-covered altar of Cheibriados.
  5780 | D:3      | Killed Jessica
  5931 | D:5      | Entered Level 5 of the Dungeon
  6361 | D:5      | Reached skill level 6 in Unarmed Combat
  6361 | D:5      | Reached XP level 7. HP: 54/54 MP: 10/10
  6904 | D:5      | Found a staircase to the Ecumenical Temple.
  6916 | Temple   | Entered the Ecumenical Temple
  6948 | Temple   | Became a worshipper of Uskayaw the Reveler
  7023 | D:5      | Found a transporter.
  7023 | D:5      | Identified the +8 spear of the Postmodern Songs {venom,
                  | *Drain Int+3 Dex+3}
  7029 | D:5      | Found a transporter.
  7059 | D:5      | Reached * piety under Uskayaw
  7076 | D:5      | Reached ** piety under Uskayaw
  7125 | D:5      | Reached skill level 7 in Unarmed Combat
  7219 | D:5      | Found a burning altar of Makhleb.
  7403 | D:5      | Noticed EnegeticOcto's ghost (novice OpFi)
  7482 | D:5      | Mangled by a gnoll sergeant

Levels and vault maps discovered:
D:1:      matt_arrival_spirals, layout_basic
D:2:      layout_basic, evilmike_ruin_ashenzari, lemuel_crystal_altar,
          chequers_ecumenical_altar_twisty, roderic_lattice_a,
          grunt_ministairs_3, uniq_sigmund
D:3:      lemuel_upstairs_altar, layout_basic, uniq_jessica
D:4:      layout_basic, nicolae_overflow_crystal_walls, led_sif_book,
          chequers_temple_overflow_statue_of_worship, kennysheep_small_circle
D:5:      layout_rooms, minmay_temple_entry_nine_rooms,
          gammafunk_ghost_gnarly_gnolls, first_ration, makhleb_heckhound_becter
Temple:   minmay_temple_bridge_abc

Skill      XL: |  1  2  3  4  5  6  7 |
---------------+----------------------+-----
Unarmed Combat | 2 3 4 5 6 7 |  7.3
Fighting       | 3 4 |  4.0
Evocations     | 2 |  2.0
Throwing       | |  0.8
Armour         | |  0.8
Dodging        | |  1.7
Spellcasting   | |  2.0
Translocations | |  2.6

Action                   |  1- 3 |  4- 6 |  7- 9 || total
-------------------------+-------+-------+-------++-------
Melee: Unarmed           |   208 |   274 |    82 ||   564
       Punch             |     4 |       |     2 ||     6
 Fire: Shortbow          |       |       |    12 ||    12
Evoke: Wand              |     3 |     3 |     3 ||     9
  Use: Scroll            |       |     8 |     6 ||    14
       Potion            |       |       |     2 ||     2
 Stab: Invisible         |       |       |     2 ||     2
  Eat: Chunk             |     6 |     8 |     4 ||    18
       Ration            |       |     1 |       ||     1
Armor: Leather armour    |   106 |    77 |       ||   183
       Chain mail        |       |    59 |    72 ||   131
Dodge: Dodged            |   155 |   144 |    25 ||   324
Block: Buckler           |    11 |    34 |     8 ||    53

Table legend:
 A = Non-vault XP
 B = Vault XP
 C = Vault XP percentage of total XP
 D = Non-vault monster count
 E = Vault monster count
 F = Vault count percentage of total count
                 A         B        C        D         E       F
            +---------+---------+-------+---------+---------+-------
      Total |    1144 |     105 |   8.4 |     100 |       7 |   6.5
            +---------+---------+-------+---------+---------+-------
        D:1 |      35 |       0 |   0.0 |      19 |       0 |   0.0
        D:2 |      10 |       6 |  37.5 |       8 |       3 |  27.3
        D:3 |      52 |      37 |  41.6 |      18 |       1 |   5.3
        D:4 |     657 |       5 |   0.8 |      36 |       1 |   2.7
        D:5 |     390 |      57 |  12.8 |      19 |       2 |   9.5
            +---------+---------+-------+---------+---------+-------
